 Dungeon Crawl Stone Soup version 0.22.1-2-g9c5b331 (webtiles) character file.

85 WarriorsX the Slasher (level 4, 0/35 HPs)
             Began as a Human Fighter on Dec 11, 2018.
             Slain by an orc
             ... wielding a +0 club
              (2 damage)
             ... on level 3 of the Dungeon.
             The game lasted 00:02:55 (1654 turns).

WarriorsX the Slasher (Human Fighter)               Turns: 1654, Time: 00:02:55

Health: 0/35       AC:  9    Str: 17    XL:     4   Next: 75%
Magic:  4/4        EV:  8    Int:  8    God:
Gold:   133        SH:  9    Dex: 13    Spells: 3/3 levels left

rFire    . . .     SeeInvis .   a - +0 long sword
rCold    . . .     Gourm    .   c - +0 shield
rNeg     . . .     Faith    .   b - +0 scale mail
rPois    .         Spirit   .   (no helmet)
rElec    .         Reflect  .   g - +0 cloak
rCorr    .         Harm     .   q - +0 pair of gloves
MR       .....                  (no boots)
Stlth    ..........             (no amulet)
HPRegen  0.11/turn              (no ring)
MPRegen  0.09/turn              (no ring)

@: no status effects
A: no striking features
a: no special abilities


You were on level 3 of the Dungeon.
You were not hungry.

You visited 1 branch of the dungeon, and saw 3 of its levels.

You collected 133 gold pieces.

Inventory:

Hand Weapons
 a - a +0 long sword (weapon)
Armour
 b - a +0 scale mail (worn)
 c - a +0 shield (worn)
 g - a +0 cloak (worn)
 q - a +0 pair of gloves (worn)
Jewellery
 s - an uncursed ring of wizardry {unknown}
Scrolls
 e - a scroll of remove curse {unknown}
 h - 2 scrolls of identify {unknown}
 i - a scroll of amnesia {unknown}
 j - a scroll of random uselessness {unknown}
 l - a scroll of fog {unknown}
 n - 2 scrolls of enchant weapon {unknown}
 o - a scroll of immolation {unknown}
Potions
 d - 2 potions of might
 k - a potion of lignification {unknown}
 m - a potion of curing {unknown}
 p - a potion of mutation {unknown}
 r - a potion of agility {unknown}
Comestibles
 f - 3 rations


   Skills:
 - Level 3.0 Fighting
 + Level 3.5 Long Blades
 - Level 3.0 Armour
 + Level 2.5 Dodging
 - Level 3.0 Shields


You had 3 spell levels left.
You didn't know any spells.
Your spell library was empty.

Dungeon Overview and Level Annotations

Branches:
Dungeon (3/15)

Altars:


Message History

You feel yourself speed up. The orc barely misses you.
The orc priest miscasts a cantrip.
The orc wizard casts a spell.
The orc wizard seems to speed up.
You block the orc wizard's attack.
You open the door.
There is an open door here.
The orc priest invokes the aid of Beogh against you.
Beogh smites you!
* * * LOW HITPOINT WARNING * * *
There is an open door here.
You enter the shallow water.
Moving in this stuff is going to be slow.
The orc wizard gestures wildly while chanting.
The orc wizard blinks!
The orc wizard gestures wildly while chanting.
The orc wizard blinks!
The orc hits you with a club.
You die...

## ##########..##........
#..#....###..
##############..#......###
#............#o.#........#
#............#..#.........
##....>.......#..#........#
#.............'..§......###
#≈..≈.≈.≈...≈o###########
#≈..≈..≈≈≈..≈.@....#
#≈.≈≈≈≈≈≈≈≈≈≈.##.#.#
#≈.≈≈≈≈≈≈≈≈≈≈... #
..).≈≈≈≈≈≈≈≈≈..##[
##..≈≈≈.≈≈≈≈≈..# .
#≈.≈≈≈≈_.≈≈≈≈≈#
#≈.≈≈≈♣.≈≈≈≈.≈##.
#..≈≈≈≈≈≈≈≈≈.≈..
#≈≈≈≈≈≈≈≈≈≈≈.≈###


You could see an orc.

Vanquished Creatures
  An ooze (D:2)
  2 worms (D:2)
  A dart slug (D:1)
  A leopard gecko (D:2)
  6 orcs (D:3)
  3 bats (D:2)
  3 giant cockroaches
  13 goblins
  7 hobgoblins
  3 jackals (D:1)
  6 kobolds
  3 quokkas
  4 frilled lizards
  4 rats (D:2)
57 creatures vanquished.

Notes
Turn   | Place    | Note
-------+----------+-------------------------------------------
     0 | D:1      | WarriorsX the Human Fighter began the quest for the Orb.
     0 | D:1      | Reached XP level 1. HP: 18/18 MP: 1/1
    36 | D:1      | Reached skill level 1 in Dodging
   100 | D:1      | Reached XP level 2. HP: 15/24 MP: 2/2
   625 | D:1      | Reached XP level 3. HP: 25/29 MP: 3/3
  1070 | D:2      | Reached XP level 4. HP: 35/35 MP: 4/4
  1530 | D:3      | Found a faded altar of an unknown god.
  1648 | D:3      | HP: 1/35 [orc priest/divine providence (15)]
  1654 | D:3      | Slain by an orc

Skill      XL: |  1  2  3  4 |
---------------+-------------+-----
Dodging        | 1 2 |  2.5
Long Blades    | 3 |  3.5
Fighting       | |  3.0
Armour         | |  3.0
Shields        | |  3.0

Action                   |  1- 3 |  4- 6 || total
-------------------------+-------+-------++-------
Melee: Long sword        |   103 |    73 ||   176
  Eat: Chunk             |       |     3 ||     3
Armor: Scale mail        |    42 |    36 ||    78
Dodge: Dodged            |    34 |    30 ||    64
Block: Shield            |    55 |    49 ||   104
       Rpst.: Long sword |    14 |     9 ||    23
